 Dungeon Crawl Stone Soup version 0.29-a0-380-gf50f0a9fbc (webtiles) character file.

Game seed: 1876905819972943233

79 Antichthon the Bolt Thrower (level 4, -5/35 HPs)
             Began as a Formicid Abyssal Knight on May 5, 2022.
             Was a Believer of Lugonu.
             Killed from afar by an orc wizard (10 damage)
             ... with a puff of flame
             ... on level 2 of the Dungeon.
             The game lasted 00:03:05 (3116 turns).

Antichthon the Bolt Thrower (FoAK)                  Turns: 3116, Time: 00:03:06

Health: -5/35      AC:  1    Str: 17    XL:     4   Next: 64%
Magic:  5/5        EV: 11    Int: 10    God:    Lugonu [**....]
Gold:   83         SH:  0    Dex: 13    Spells: 3/3 levels left

rFire   . . .      SeeInvis +   a - +2 falchion
rCold   . . .      Faith    .   (no shield)
rNeg    . . .      Spirit   .   b - +0 leather armour
rPois   .          Reflect  .   (helmet unavailable)
rElec   .          Harm     .   (no cloak)
rCorr   .          Rampage  .   (no gloves)
Will    +....                   (no boots)
Stlth   +.........              (no amulet)
HPRegen 0.11/turn               f - ring of willpower
MPRegen 0.09/turn               (no ring)

@: no status effects
A: permanent stasis, dig shafts and tunnels, antennae 3, four strong arms,
deformed body, low MP 1, wild magic 1, devolution 1
a: Dig, Shaft Self, Renounce Religion, Depart the Abyss, Bend Space


You were on level 2 of the Dungeon.
You worshipped Lugonu.
Lugonu was pleased with you.
You visited 1 branch of the dungeon, and saw 3 of its levels.
You visited the Abyss 1 time.

You collected 111 gold pieces.
You spent 28 gold pieces at shops.

Inventory:

Hand Weapons
 a - a +2 falchion (weapon)
Missiles
 k - a throwing net
Armour
 b - a +0 leather armour (worn)
Jewellery
 f - a ring of willpower (left hand)
Scrolls
 i - a scroll of identify
Potions
 e - 2 potions of curing
 j - a potion of cancellation


   Skills:
 * Level 3.3 Fighting
 * Level 2.1 Long Blades
 * Level 3.5 Crossbows
 * Level 2.2 Armour
 * Level 0.8 Dodging
 * Level 0.5 Stealth
 * Level 2.2 Invocations


You had 3 spell levels left.
You didn't know any spells.
Your spell library contained the following spells:

 Spells                   Type           Power      Damage    Failure   Level
 Slow                     Hex            0%         N/A       50%         1
 Confusing Touch          Hex            0%         N/A       86%         3
 Vampiric Draining        Necr           0%         2d6       86%         3


Dungeon Overview and Level Annotations

Branches:
Dungeon (3/15)

Altars:

Shops:
D:2 (*


Innate Abilities, Weirdness & Mutations

You cannot be hasted, slowed, berserked, paralysed or teleported.
You can dig through walls and to a lower floor.
You have a pair of large antennae on your head. (SInv)
Your four strong arms can wield two-handed weapons with a shield.
Armour fits poorly on your strangely shaped body.
Your magical capacity is low. (-10% MP)
Your spells are a little harder to cast, but a little more powerful.
You have hidden genetic defects.


Message History

The orc is moderately wounded.
The orc hits you with a +0 club.
You hit the orc.
The orc is almost dead.
The orc hits you with a +0 club.
You hit the orc.
You kill the orc!
Lugonu accepts your kill.
The orc throws a boomerang.
The boomerang closely misses the orc wizard.
The boomerang misses you.
A rat comes into view.
The orc throws a boomerang.
The boomerang misses the orc wizard.
The boomerang barely misses you.
There is a stone staircase leading up here.
You see here a +0 club.
You hit the orc wizard.
The orc wizard is moderately wounded.
The orc wizard hits you with a +0 dagger. x2
The rat twitches its whiskers.
You hit the orc wizard.
The orc wizard is moderately wounded.
The orc wizard hits you with a +0 dagger.
You hit the orc wizard.
The orc wizard is heavily wounded.
The orc wizard hits you with a +0 dagger.
The orc throws a boomerang.
The boomerang hits the orc wizard.
Unknown command.
The orc wizard gestures at you while chanting.
The puff of flame hits you!
* * * LOW HITPOINT WARNING * * *
The orc throws a boomerang.
The boomerang misses the orc wizard.
The boomerang closely misses you.
You climb upwards.
There is a stone staircase leading down here.
You closely miss the orc wizard.
The orc wizard is almost dead.
The orc wizard gestures at you while chanting.
The puff of flame hits you!
You die...

.........# #.............#
.........# #.............#
.........# ##..#.#########
.........# ##.#.# #############
######.### #...# #...........#
######.#### ##..# #...........#
..........# ##..###...........##
..........# #..)..÷.............
..........####.#@o.#.............
.................#...............
..........###....#.#.<...........
..........# #)............#..P...
..........###.............#...∩..
..........##..............##..PP.
......)...##..............##.....
..........##..............#######
############....######....#


You could see an orc wizard (invisible).

Vanquished Creatures
  2 adders (D:2)
  A gnoll (D:1)
  3 worms (D:2)
  2 dart slugs (D:1)
  An orc (D:3)
  5 ball pythons (D:1)
  3 endoplasms
  8 hobgoblins
  A bat (D:1)
  7 goblins
  3 kobolds
  A rat (D:1)
37 creatures vanquished.

Vanquished Creatures (others)
  2 plants (D:2)
2 creatures vanquished.

Grand Total: 39 creatures vanquished

Notes
Turn   | Place    | Note
-------+----------+-------------------------------------------
     0 | Abyss:1  | Antichthon the Formicid Abyssal Knight began the quest for
                  | the Orb.
     0 | Abyss:1  | Reached XP level 1. HP: 18/18 MP: 2/2
     0 | D:1      | Escaped the Abyss
   234 | D:1      | Reached skill level 1 in Crossbows
   343 | D:1      | Reached XP level 2. HP: 24/24 MP: 3/3
   434 | D:1      | Reached XP level 3. HP: 21/29 MP: 4/4
  1722 | D:2      | Found Zuomoc's Weapon Shop.
  2239 | D:2      | Reached XP level 4. HP: 32/35 MP: 5/5
  2325 | D:2      | Gained mutation: You are clumsy. (Dex -2) [potion of
                  | mutation]
  2325 | D:2      | Gained mutation: You have hidden genetic defects. [potion
                  | of mutation]
  2325 | D:2      | Gained mutation: Your flesh is cold resistant. (rC+)
                  | [potion of mutation]
  2325 | D:2      | Gained mutation: You expend magic power (3 MP) to
                  | strengthen your wands. [potion of mutation]
  2326 | D:2      | Lost mutation: You are clumsy. (Dex -2) [potion of
                  | mutation]
  2326 | D:2      | Lost mutation: Your flesh is cold resistant. (rC+) [potion
                  | of mutation]
  2326 | D:2      | Lost mutation: You expend magic power (3 MP) to strengthen
                  | your wands. [potion of mutation]
  2326 | D:2      | Gained mutation: Armour fits poorly on your strangely
                  | shaped body. [potion of mutation]
  2326 | D:2      | Gained mutation: Your spells are a little harder to cast,
                  | but a little more powerful. [potion of mutation]
  2687 | D:2      | Gained mutation: Your magical capacity is low. (-10% MP)
                  | [hidden defects]
  2872 | D:2      | Found Cimauras's Assorted Antiques.
  2877 | D:2      | Bought a scroll labelled TAHOEDW YXUISI for 28 gold pieces
  3116 | D:2      | Killed from afar by an orc wizard

Illustrated notes

Levels and vault maps discovered:
D:1:      lightli_molten_gateway, layout_basic
D:2:      layout_basic, serial_shops, nicolae_shop_behind_doors,
          nicolae_shop_overgrown_old_shop, kennysheep_generic_room_8
D:3:      layout_loops_corners, trog_book, shapermc_ecumenical_altar_flowoftime

Skill      XL: |  1  2  3 |
---------------+----------+-----
Crossbows      | 1 2 3 |  3.5
Fighting       | |  3.3
Long Blades    | |  2.1
Armour         | |  2.2
Dodging        | |  0.8
Stealth        | |  0.5
Invocations    | |  2.2

Action                   |  1- 3 |  4- 6 || total
-------------------------+-------+-------++-------
Melee: Falchion          |   103 |    41 ||   144
Invok: Depart the Abyss  |     1 |       ||     1
  Use: Scroll            |       |     7 ||     7
       Potion            |       |     2 ||     2
Armor: Leather armour    |    29 |     1 ||    30
Dodge: Dodged            |    65 |    19 ||    84

Table legend: (Time is in decaauts)
 A = Elapsed time spent in this place.
 B = Non-inter-level travel time spent in this place.
 C = Inter-level travel time spent in this place.
 D = Time resting spent in this place.
 E = Time spent auto-exploring this place.
 F = Levels seen in this place.
 G = Mean time per level.
                   A        B        C        D        E       F      G
               +--------+--------+--------+--------+--------+-----+--------+
         Total |   3144 |   3083 |     61 |      0 |   2617 |   4 |  786.0 |
       Dungeon |   3144 |   3083 |     61 |      0 |   2617 |   3 | 1048.0 |
         Abyss |      0 |      0 |      0 |      0 |      0 |   1 |    0.0 |
               +--------+--------+--------+--------+--------+-----+--------+

Top non-repeatable levels by time:
     D:1: 1584 daAuts
     D:2: 1542 daAuts
     D:3: 17 daAuts
